 Dungeon Crawl Stone Soup version 0.27.1-33-g824d729ab1 (webtiles) character file.

Game seed: 4120609646396059043

640 Feubar the Chopper (level 7, -1/63 HPs)
             Began as a Minotaur Berserker on Dec 20, 2021.
             Was a Priest of Trog.
             Slain by a hound (4 damage)
             ... on level 5 of the Dungeon.
             The game lasted 00:21:46 (4787 turns).

Feubar the Chopper (Minotaur Berserker)             Turns: 4787, Time: 00:21:50

Health: -1/63      AC:  6    Str: 23    XL:     7   Next: 26%
Magic:  6/6        EV:  2    Int:  5    God:    Trog [***...]
Gold:   179        SH:  0    Dex: -3 (9) Spells: 6/6 levels left

rFire    . . .     SeeInvis +   a - +0 hand axe
rCold    . . .     Faith    .   (no shield)
rNeg     . . .     Spirit   .   f - +0 ring mail
rPois    .         Reflect  .   (helmet restricted)
rElec    .         Harm     .   (no cloak)
rCorr    .         Rampage  .   (no gloves)
Will     +....                  (no boots)
Stlth    ..........             (no amulet)
HPRegen  0.20/turn              o - ring of see invisible
MPRegen  0.10/turn              u - ring of willpower

@: slowed, lost dexterity, very slow
A: horns 2, retaliatory headbutt
a: Renounce Religion, Berserk, Trog's Hand


You were on level 5 of the Dungeon.
You worshipped Trog.
Trog was most pleased with you.
You visited 1 branch of the dungeon, and saw 5 of its levels.

You collected 179 gold pieces.

Inventory:

Hand Weapons
 a - a +0 hand axe (weapon)
 d - a +0 flail
 j - a +2 dagger of protection
 l - a +2 spear of flaming
 p - a +2 dagger of draining
Missiles
 t - a throwing net (quivered)
Armour
 b - a +0 animal skin
 f - a +0 ring mail (worn)
Jewellery
 o - a ring of see invisible (left hand)
 u - a ring of willpower (right hand)
 A - a ring of protection from cold
Scrolls
 g - 2 scrolls of amnesia
 h - a scroll of acquirement {unknown}
 k - a scroll of identify
 m - a scroll of magic mapping {unknown}
 n - a scroll of enchant weapon {unknown}
 q - 2 scrolls of teleportation {unknown}
 r - a scroll of immolation {unknown}
 v - 2 scrolls of noise
 y - a scroll of silence {unknown}
 B - a scroll of fear {unknown}
 C - a scroll of enchant armour {unknown}
Potions
 c - 2 potions of flight
 e - a potion of curing
 s - a potion of mutation {unknown}
 w - a potion of berserk rage {unknown}
 x - 2 potions of attraction
 z - a potion of magic {unknown}


   Skills:
 + Level 6.0 Fighting
 + Level 6.0 Axes
 + Level 5.2 Armour
 + Level 4.7 Dodging


You had 6 spell levels left.
You didn't know any spells.
Your spell library was empty.

Dungeon Overview and Level Annotations

Branches:
Dungeon (5/15)
 Temple: D:4-7

Altars:
Cheibriados
Fedhas
Yredelemnul

Annotations:
D:5 Blork the orc, Eustachio


Innate Abilities, Weirdness & Mutations

You have a pair of horns on your head.
You reflexively headbutt those who attack you in melee.


Message History

The ufetubus hits you but does no damage.
The ufetubus hits you. The jelly hits you but does no damage.
The black bear bites you.
The black bear claws you but does no damage.
The black bear claws you.
Found a snail-covered altar of Cheibriados.
Eustachio casts a spell.
The ufetubus hits you but does no damage. x2
The jelly hits you.
You are splashed with acid!
* * * LOW HITPOINT WARNING * * *
Eustachio mumbles some strange words.
Eustachio blinks!
Blork the orc comes into view.
He is wielding a +0 trident.
Found a scroll of identify.
Blork the orc shouts!
The hound bites you.
* * * LOW HITPOINT WARNING * * *
The hound bites you but does no damage.
The ufetubus hits you but does no damage. x2
The black bear bites you.
* * * LOW HITPOINT WARNING * * *
The black bear claws you but does no damage.
The black bear claws you.
* * * LOW HITPOINT WARNING * * *
The ufetubus hits you but does no damage. x2
The hound bites you but does no damage.
Blork the orc moves out of view.
You see here a +0 scale mail.
The ufetubus disappears in a puff of smoke!
The bat hits you but does no damage. x2
The ufetubus hits you but does no damage.
The ufetubus hits you.
* * * LOW HITPOINT WARNING * * *
Okay, then.
As you read the scroll labelled NOYKIL EPAULA, it crumbles to dust.
You hear a loud clanging noise!
It was a scroll of noise.
You hear an angry hiss.
The ufetubus disappears in a puff of smoke!
The hound bites you.
You die...

#.# . ###..
.###...#
......# #?_..#
.o..# #. #..#
#. ###@### ##.#
#bh§h.# ##...#
#.J...#
##.....##§....#
#.......#@§...#
......55.§....#
#.......##.####
##......##>#
##...#.##.#


You could see Eustachio, Blork the orc, a black bear, a hound, a jelly and a bat
(summoned).

Vanquished Creatures
  A water moccasin (D:5)
  3 ogres
  A scorpion (D:4)
  A hound (D:4)
  A centaur skeleton (D:4)
  5 adders
  2 gnolls
  An adder skeleton (D:4)
  An adder zombie (D:5)
  3 worms
  3 dart slugs
  9 bats
  6 endoplasms
  4 giant cockroaches
  6 hobgoblins
  11 jackals
  11 kobolds
  3 quokkas
  8 ball pythons
  3 goblins
  A quokka skeleton (D:4)
  4 rats
88 creatures vanquished.

Vanquished Creatures (others)
  4 plants (D:1)
4 creatures vanquished.

Grand Total: 92 creatures vanquished

Notes
Turn   | Place    | Note
-------+----------+-------------------------------------------
     0 | D:1      | Feubar the Minotaur Berserker began the quest for the Orb.
     0 | D:1      | Reached XP level 1. HP: 19/19 MP: 0/0
    28 | D:1      | Reached XP level 2. HP: 10/27 MP: 1/1
   836 | D:1      | Found a faded altar of an unknown god.
   981 | D:1      | Reached XP level 3. HP: 31/33 MP: 2/2
  1293 | D:2      | Reached ** piety under Trog
  1764 | D:2      | Reached XP level 4. HP: 41/41 MP: 3/3
  1795 | D:2      | Noticed an ogre
  1815 | D:2      | Killed an ogre
  1816 | D:2      | Reached XP level 5. HP: 30/47 MP: 4/4
  2668 | D:3      | Reached *** piety under Trog
  2727 | D:3      | Found a basalt altar of Yredelemnul.
  2898 | D:3      | Reached skill level 5 in Fighting
  2898 | D:3      | Reached skill level 5 in Axes
  3601 | D:4      | Reached XP level 6. HP: 51/56 MP: 5/5
  4408 | D:5      | Entered Level 5 of the Dungeon
  4584 | D:5      | Found a blossoming altar of Fedhas.
  4591 | D:5      | Reached XP level 7. HP: 62/62 MP: 6/6
  4669 | D:5      | Noticed Eustachio
  4686 | D:5      | Reached skill level 5 in Armour
  4746 | D:5      | Lost dexterity.
  4784 | D:5      | Found a snail-covered altar of Cheibriados.
  4785 | D:5      | Noticed Blork the orc
  4786 | D:5      | HP: 3/63 [ufetubus[Eustachio] (2)]
  4787 | D:5      | Slain by a hound

Illustrated notes

Levels and vault maps discovered:
D:1:      lightli_arrival_statuegarden, layout_loops_cross,
          shapermc_ecumenical_altar_ellora
D:2:      layout_loops_corners, minmay_divided_ellipse
D:3:      layout_loops_cross, mainiacjoe_overflow_small_starburst,
          kennysheep_generic_room_10
D:4:      layout_loops_ring, kennysheep_potato
D:5:      layout_loops_ring, cheibriados_altar_1,
          nicolae_overflow_crystal_walls, uniq_eustachio, uniq_blork_the_orc

Skill      XL: |  1  2  3  4  5  6  7 |
---------------+----------------------+-----
Fighting       | 4 5 6 |  6.0
Axes           | 4 5 6 |  6.0
Armour         | 3 4 5 |  5.2
Dodging        | 3 4 |  4.7

Action                   |  1- 3 |  4- 6 |  7- 9 || total
-------------------------+-------+-------+-------++-------
Melee: Hand axe          |    90 |   105 |    37 ||   232
       Headbutt          |    26 |    13 |     2 ||    41
Invok: Berserk           |     1 |     3 |     1 ||     5
       Trog's Hand       |       |       |     1 ||     1
  Use: Scroll            |       |     3 |     2 ||     5
       Potion            |       |       |     5 ||     5
Armor: Ring mail         |    25 |    51 |   104 ||   180
Dodge: Dodged            |    52 |    77 |    81 ||   210
